[Event "2. Itzehoer Schach Open"]
[Site "Itzehoe, Germany"]
[Date "2023.05.01"]
[Round "5.27"]
[White "Wolff, Ole"]
[Black "Neffgen, Klaus"]
[Result "1-0"]
[TimeControl "90 min / 40 Züge + 30 min + 30 Sek pro Zug"]
[WhiteElo "1097"]
[BlackElo "1533"]

1. e4 c6 2. d4 d5 3. exd5 cxd5 4. c4 Nf6 5. Nc3 g6 6. cxd5 Nxd5 7. Nf3 Nb6 8. Be3 Bg7 9. Bb5+ Bd7 10.
Be2 O-O 11. O-O Bc6 12. Qb3 Re8 13.
Rfd1 e6 14. a4 a5 15. Bb5 Nd5 16. Bxc6 bxc6 17. Rac1 Na6 18. Ne4 Rb8 19. Qc4 Nab4 20. Nc5 Rb6 21. Ne5 Nxe3 22. fxe3 Qg5 23.
Rc3 Bxe5 24. dxe5 Qxe5 25. Nd7 Qc7 26. Nf6+ Kf8 27. Qc5+ Qe7 28. Nd7+ Kg8 29. Qxe7 Rxe7 30. Nxb6 Rb7 31.
Nc4 Na2 32. Rcd3 Rb4 33. Ra1 Rxa4 34. b3 1-0

[Event "2. Itzehoer Schach Open"]
[Site "Itzehoe, Germany"]
[Date "2023.05.01"]
[Round "5.28"]
[White "Thomsen, Flemming"]
[Black "Eitel, Luc"]
[Result "0-1"]
[TimeControl "90 min / 40 Züge + 30 min + 30 Sek pro Zug"]
[WhiteElo "1517"]
[BlackElo "1383"]

1. b3 d5 2. Bb2 c5 3. e3 e6 4. Bb5+ Bd7 5. Bxd7+ Qxd7 6. Ne2 Nc6 7. O-O Nf6 8. f4 Be7 9.
d3 O-O 10. Nd2 Rfd8 11. Ng3 d4 12. e4 e5 13. f5 Rac8 14.
a3 Qd6 15. Nh5 b6 16. Nc4 Qc7 17. Nxf6+ Bxf6 18. Qg4 b5 19. Nd2 Qe7 20. Nf3 Rd6 21. Bc1 Kh8 22. Ng5 Bxg5 23. f6 Qe6 24.
fxg7+ Kxg7 25. Qxg5+ Qg6 26. Rf5 f6 27. Qh4 Kh8 28. Rf3 Rg8 29. Rg3 Qf7 30. Rxg8+ Qxg8 31. Bd2 Ne7 32. a4 Ng6 33.
Qg4 b4 34. Rf1 Qe6 35. Qxe6 Rxe6 36. Bh6 Kg8 37. g3 Ne7 38. h4 f5 39. Bg5 fxe4 40. dxe4 Kg7 41. h5 h6 42. Bh4 Nc6 43.
Rf3 Ne7 44. Kf2 Nc8 45. Ke2 Nb6 46. Kd3 c4+ 47. bxc4 Nxa4 48. c5 Nxc5+ 49. Kc4 Nd7 50. Kxb4 Nf6 51. Bxf6+ Rxf6 52. Ra3 Rf7 53.
Ra6 Rc7 54. Kb3 Rc3+ 55. Kb4 Rxg3 56. Rxa7+ Kf6 57. Rh7 Kg5 58.
Rg7+ Kh4 59. Rxg3 Kxg3 60. Kc4 Kf3 61. Kd5 Kf4 62.
Ke6 Kxe4 63. Kf6 0-1

[Event "2. Itzehoer Schach Open"]
[Site "Itzehoe, Germany"]
[Date "2023.05.01"]
[Round "5.23"]
[White "Frahm, Ben Jonas"]
[Black "Richter, Ruediger"]
[Result "0-1"]
[TimeControl "90 min / 40 Züge + 30 min + 30 Sek pro Zug"]
[WhiteElo "1406"]
[BlackElo "1869"]

1. e4 c5 2. c3 e5 3. Nf3 Nc6 4. d4 cxd4 5. cxd4 exd4 6. Nxd4 Bc5 7. Nxc6 bxc6 8. Bc4 Ne7 9. Bxf7+ Kxf7 10.
Qh5+ Ng6 11. Qxc5 Ba6 12. Bg5 Qc7 13. Nd2 Rab8 14. Nb3 Rb5 15. Qe3 Qe5 16. Qf3+ Ke8 17. Be3 Rb4 18. O-O-O Rxe4 19.
Rd4 d5 20. Rxe4 dxe4 21. Qg4 Kf7 22. Qd7+ Ne7 23. Qxa7 Bd3 24. Qd4 Qb5 25. Qc5 Qa6 26. a3 Rb8 27. Qh5+ Kg8 28. Na5 Nd5 29.
Qe5 Ra8 30. Bd4 Nf6 31. Qe6+ Kh8 32. Bxf6 Qxa5 33. Bxg7+ Kxg7 34. Qe7+ Kg8 35. Qe6+ Kf8 36. Qd6+ Ke8 37. Qe6+ Kd8 38.
Qd6+ Kc8 39. Qe6+ Kb7 40. Qd7+ Qc7 41. Qd4 Rd8 42. Qb4+ Kc8 43. g3 Qe5 44. Re1 Qd5 45. Qc3 Bb5 46.
b3 Qe6 47. a4 Bd3 48. Kb2 Qd5 49. Re3 Bf1 50. Re1 Bg2 51. Rc1 Qd2+ 52. Qxd2 Rxd2+ 53. Rc2 Rd6 54. Kc3 Kb7 55. Kc4 Bf1+ 56.
Kb4 Bd3 57. Rc5 Rf6 58. Rh5 Rxf2 59. Rxh7+ Ka6 60. Kc3 Rc2+ 61. Kd4 c5+ 62. Ke3 Re2+ 63. Kf4 Re1 64. Re7 Ka5 65. Re5 Kb4 66.
g4 Kxb3 67. Rxc5 e3 68. Re5 e2 69. Kg5 Rf1 70. h4 e1=Q 71. Rxe1 Rxe1 72. h5 Kxa4 73. Kf6 Rh1 74. Kg5 Kb5 75.
Kh6 Be2 76. Kg6 Bxg4 0-1

[Event "2. Itzehoer Schach Open"]
[Site "Itzehoe, Germany"]
[Date "2023.05.01"]
[Round "5.22"]
[White "Liu, Jan Luca"]
[Black "Papenfuss, Kai"]
[Result "0-1"]
[TimeControl "90 min / 40 Züge + 30 min + 30 Sek pro Zug"]
[WhiteElo "1073"]
[BlackElo "1751"]

1. e4 c5 2. Nf3 e6 3. d4 cxd4 4. Nxd4 Nf6 5. Nc3 Nc6 6. Nf3 Bc5 7. Bc4 a6 8. Bb3 b5 9. Bg5 Qb6 10.
Qd2 Ng4 11. Bh4 Nge5 0-1

[Event "2. Itzehoer Schach Open"]
[Site "Itzehoe, Germany"]
[Date "2023.05.01"]
[Round "5.2"]
[White "Kuegel, Tobias"]
[Black "Trapp, Hannes"]
[Result "1-0"]
[TimeControl "90 min / 40 Züge + 30 min + 30 Sek pro Zug"]
[WhiteElo "2332"]
[BlackElo "1677"]

1. e4 d6 2. d4 g6 3. Nc3 Bg7 4.
f4 e6 5.
Nf3 f5 6. exf5 exf5 7. Bc4 Nf6 8. O-O d5 9. Qe2+ Kf8 10. b3 c6 11. Ba3+ Kg8 12. Be7 Qd7 13. Bxf6 Bxf6 14. Bd3 Qd6 15.
Qe3 Kg7 16. Nb1 Be6 17. Nbd2 Nd7 18. Ne5 Rae8 19. Ndf3 Bd8 20. Nxd7 Bxd7 21. Qd2 Bb6 22. b4 Qf6 23. c3 a5 24.
a3 h6 25. Kh1 a4 26. Ne5 Be6 27. Bc2 Ra8 28. Rf3 Bc7 29. Qd1 g5 30. Rg3 b5 31. Qh5 Bxe5 32. dxe5 Qg6 33. Qxg6+ Kxg6 34.
Rf1 Raf8 35. h4 Kf7 36. fxg5 hxg5 37. Rxg5 Rxh4+ 38. Kg1 Rc4 39. Bxf5 Ke7 40. Rg7+ Rf7 41. Rxf7+ Bxf7 42. Rf3 Be6 43.
g4 d4 44. cxd4 Rxd4 45. Rh3 Bd5 46. Rh7+ Kf8 47. e6 Be4 48. Kf2 Bxf5 49. Rf7+ Ke8 50. gxf5 c5 51. bxc5 Rc4 52. Ke3 Rxc5 53.
Kd4 Rc4+ 54. Ke5 b4 55. axb4 Rxb4 56. Ra7 1-0

[Event "2. Itzehoer Schach Open"]
[Site "Itzehoe, Germany"]
[Date "2023.05.01"]
[Round "5.33"]
[White "Ackermann, Hans-Christian"]
[Black "Haertel, Leon"]
[Result "1/2-1/2"]
[TimeControl "90 min / 40 Züge + 30 min + 30 Sek pro Zug"]
[WhiteElo "1722"]
[BlackElo "1323"]

1. e4 c5 2. f4 e6 3. Nf3 d5 4. e5 d4 5. Bc4 Nc6 6. a3 Nge7 7. O-O Nd5 8. d3 Be7 9. Qe2 O-O 10. Ne1 a6 11. Ba2 Qc7 12. Rf3 f5 13. Rh3 g6 14.
c4 Nb6 15. Nf3 Bd7 16. Qf2 Nc8 17. Qg3 Rf7 18. Ng5 Bxg5 19. Qxg5 N8e7 20. Nd2 b5 21.
Nf3 bxc4 22. Bxc4 Nd5 23. Qh6 Rg7 24. Ng5 Bc8 25. Rf3 Qe7 26. h4 Nd8 27. h5 Nf7 28. Nxf7 Qxf7 29. hxg6 Rxg6 30. Qh2 Bb7 31. Rg3 Qg7 32. Rxg6 Qxg6 33. Bd2 a5 34. Rf1 Nb6 35. Bb3 a4 36. Bd1 Ra7 37. Bh5 Qg7 38. Rf2 Kh8 39. Qh4 Ra8 40. Ba5 Nd7 41. Bd8 Kg8 42. Be8 Nf8 43.
Bf6 Qg4 44. Qxg4+ fxg4 45. Bh5 g3 46. Rc2 Rc8 47. Bh4 Rc7 48. Bxg3 Ng6 49. Bh2 Nh4 50. Bg4 Kf7 51. Kf2 Nxg2 52. Rc4 Ne3 53. Bh5+ Ke7 54. Rxa4 Bc6 55. Ra5 Rb7 56.
Be2 Rxb2 57. Rxc5 Ng4+ 58. Ke1 Rb1+ 59. Kd2 Rb2+ 60. Ke1 1/2-1/2

[Event "2. Itzehoer Schach Open"]
[Site "Itzehoe, Germany"]
[Date "2023.05.01"]
[Round "5.15"]
[White "Hielscher, Ursula"]
[Black "Tarasenko, Nazar"]
[Result "0-1"]
[TimeControl "90 min / 40 Züge + 30 min + 30 Sek pro Zug"]
[WhiteElo "1702"]
[BlackElo "1970"]

1. d4 Nf6 2. c4 c5 3. d5 b5 4. e4 Nxe4 5. cxb5 a6 6. bxa6 d6 7. Bd3 Nf6 8. Nc3 g6 9. Nf3 Bg7 10.
O-O O-O 11. Re1 Bxa6 12. Bg5 Re8 13. Qa4 Qd7 14. Bb5 Bxb5 15. Qxb5 Qxb5 16. Nxb5 Na6 17. Nc3 Nb4 18. Rad1 Nxa2 19.
Nb5 Rac8 20. Ra1 Nb4 21. Ra7 Nbxd5 22. Rb7 Rb8 0-1

[ePGN "0.1;DGT LiveChess/2.2.5"]

[Event "2. Itzehoer Schach Open"]
[Site "Itzehoe, Germany"]
[Date "2023.05.01"]
[Round "5.42"]
[White "Lueders Vega, Iago Ernst"]
[Black "Kaehler, Marvin"]
[Result "1-0"]
[TimeControl "90 min für 40 Züge, Rest 30 min + 30 Sek pro Zug"]
[WhiteElo "1333"]
[BlackElo "1015"]

1. e4 e6 2. d4 g6 3. Nf3 b6 4.
Nc3 Bb7 5. Bd3 Bg7 6. O-O Ne7 7. Be3 O-O 8. Re1 d6 9. Qd2 h6 10. Bxh6 Bxh6 11. Qxh6 f6 12. e5 Nf5 13. Qxg6+ Kh8 14.
Bxf5 exf5 15. Re3 f4 16. Ng5 fxg5 17. Rh3# 1-0

[Event "2. Itzehoer Schach Open"]
[Site "Itzehoe, Germany"]
[Date "2023.05.01"]
[Round "5.44"]
[White "Dau-Schmidt, Piet"]
[Black "Moeller, Patrick"]
[Result "1-0"]
[TimeControl "90 min für 40 Züge, Rest 30 min + 30 Sek pro Zug"]
[WhiteElo "1606"]
[BlackElo "1343"]

1. d4 d5 2. Nf3 Nf6 3. c4 c6 4. g3 e6 5. Bg2 Bb4+ 6. Bd2 Be7 7. O-O O-O 8. b3 Nbd7 9. Qc2 Ne4 10. Nc3 Nxd2 11. Nxd2 Nf6 12. cxd5 exd5 13. Rfd1 Be6 14. h3 Rc8 15.
Rac1 Ba3 16. Rb1 c5 17. Nb5 cxd4 18. Qd3 Bc5 19. b4 Bb6 20. a4 a6 21. Nxd4 Bxd4 22. Qxd4 Qe7 23. Rdc1 Rc7 24.
Rxc7 Qxc7 25. Nb3 b6 26. Rc1 Qe7 27. e3 Rb8 28. Rc6 Nd7 29. h4 h6 30. Bxd5 Bxd5 31. Qxd5 Qxb4 32. Rc7 Ne5 33.
Kg2 Qxa4 34. f4 Qa2+ 35. Kh3 Qe2 36. fxe5 Qf1+ 37. Kg4 Qe2+ 38. Kf4 Qf2+ 39. Kg4 Qe2+ 40. Qf3 h5+ 41. Kf4 Qd3 42.
Nd4 g6 43. Kg5 Rf8 44. Kf6 a5 45. Qf4 Qa6 46. Qh6 Qf1+ 47. Qf4 Qa6 48. Kg5 f6+ 49. exf6 b5 50. f7+ Kg7 51. Qe5+ Kh7 52.
Ne6 1-0

[Event "2. Itzehoer Schach Open"]
[Site "Itzehoe, Germany"]
[Date "2023.05.01"]
[Round "5.45"]
[White "Prigandt, Junis"]
[Black "Beth, Felix"]
[Result "1-0"]
[TimeControl "90 min für 40 Züge, Rest 30 min + 30 Sek pro Zug"]
[WhiteElo "995"]
[BlackElo "1498"]

1. e4 Nc6 2. d4 e6 3. Nc3 b6 4.
Bb5 Bb7 5. Nf3 Bb4 6. Bg5 Bxc3+ 7. bxc3 f6 8. Bf4 Nge7 9. Bxc6 Bxc6 10. e5 f5 11. Bg5 h6 12. Bxe7 Qxe7 13. O-O g5 14.
c4 g4 15. Ne1 d5 16. cxd5 Bb5 17. Nd3 O-O-O 18. dxe6 Rxd4 19. Rb1 Ba6 20. Re1 Qxe6 21. Re3 Rhd8 22. Qe2 Qxa2 23. Rd1 f4 24.
Re4 f3 25. gxf3 gxf3 26. Qxf3 Qxc2 27. Rxd4 Rxd4 28. Qf5+ Kb7 29. Qf3+ Kc8 30. e6 Re4 31. Qf8+ Kb7 32. Qf3 Bxd3 33. Rxd3 Qxd3 34. Qxd3 Rxe6 35.
Qd5+ Rc6 36. f4 a5 37. f5 a4 38. f6 a3 39. f7 a2 40. Qxa2 Rg6+ 41. Qg2+ Rxg2+ 42. Kxg2 b5 43. f8=Q Kb6 44.
Qf6+ Ka5 45. Qxh6 b4 46. Qd2 Ka4 47. Qd7+ Ka3 48. Qxc7 b3 49. Qb6 b2 50. h4 1-0

[Event "2. Itzehoer Schach Open"]
[Site "Itzehoe, Germany"]
[Date "2023.05.01"]
[Round "5.39"]
[White "Aguike, Chidera"]
[Black "Scheele, Justus"]
[Result "1-0"]
[TimeControl "90 min für 40 Züge, Rest 30 min + 30 Sek pro Zug"]
[WhiteElo "1450"]
[BlackElo "1098"]

1. e4 e5 2. Nf3 Nf6 3. Nxe5 Nxe4 4. Qe2 Qe7 5. Qxe4 f6 6. d4 fxe5 7. Qxe5 Qxe5+ 8. dxe5 Nc6 9. Bf4 b6 10.
Bb5 Bb7 11. c3 O-O-O 12. O-O d6 13. Bg5 Re8 14. exd6 Bxd6 15. Nd2 Re5 16. Bxc6 Bxc6 17. Bf4 Re6 18. Bxd6 Rxd6 19. Nc4 Rg6 20.
f3 Re8 21. a4 a5 22. Kf2 Rf6 23. Ne3 h5 24. b3 g5 25. h3 Rg8 26. Kg3 Rf4 27. Rh1 Rgf8 28. h4 Rxf3+ 29. gxf3 Rxf3+ 30. Kh2 Rxe3 31. Rhe1 Rxc3 32. hxg5 Rc2+ 33. Kh3 Rc3+ 34. Kh4 Bf3 35. g6 Rc2 36. g7 Bd5 37. Re8+ Kd7 38. g8=Q Bxg8 39.
Rxg8 Rc5 40. Rg5 Rxg5 41. Kxg5 c5 42. Rd1+ Kc6 43. Kxh5 b5 44. Kg4 bxa4 45.
bxa4 c4 46. Kf3 Kc5 47. Rb1 Kd4 48. Ke2 Kc3 49. Rb5 Kd4 50. Kd2 c3+ 51. Kc2 Kc4 52. Rxa5 Kb4 53. Rb5+ Kc4 54. Rb3 Kc5 55.
a5 1-0

[Event "2. Itzehoer Schach Open"]
[Site "Itzehoe, Germany"]
[Date "2023.05.01"]
[Round "5.46"]
[White "Marx, Jakob"]
[Black "Roebers, Bregje"]
[Result "0-1"]
[TimeControl "90 min für 40 Züge, Rest 30 min + 30 Sek pro Zug"]
[WhiteElo "1398"]
[BlackElo "1162"]

1. e4 g6 2. d4 Bg7 3. c3 d6 4.
Be3 Nf6 5. Bd3 O-O 6. Nd2 e5 7. Ngf3 Re8 8. h3 Nbd7 9. Qc2 b6 10. O-O Bb7 11. b4 Qe7 12. d5 a5 13. Nb3 Ba6 14.
b5 Bb7 15. a4 Nc5 16. Nc1 Nfd7 17. c4 Bc8 18. Qb1 Nxd3 19. Qxd3 Nc5 20. Qc2 f5 21. Bxc5 dxc5 22. Nd2 Bh6 23.
Ncb3 Bg7 24. g3 Qf7 25. Kg2 f4 26. g4 Rf8 27. f3 Qe7 28. Kf2 Qh4+ 29. Ke2 Bb7 30. Qd1 Rad8 31. Rh1 Qe7 32.
Kd3 c6 33. Kc3 cxd5 34. cxd5 c4 35. Nxc4 Qb4+ 36. Kd3 Bxd5 37. Kc2 Bxc4 38. Qg1 Qxb3+ 39. Kc1 Qc3+ 40. Kb1 Bd3+ 41. Ka2 Qc2+ 0-1

[Event "2. Itzehoer Schach Open"]
[Site "Itzehoe, Germany"]
[Date "2023.05.01"]
[Round "5.38"]
[White "Aguike, Toshiya"]
[Black "Offenbaecher, Julius"]
[Result "1-0"]
[TimeControl "90 min für 40 Züge, Rest 30 min + 30 Sek pro Zug"]
[WhiteElo "1491"]
[BlackElo "1128"]

1. e4 e5 2. Nf3 Nc6 3. Bc4 Bc5 4. c3 d6 5. d4 exd4 6. cxd4 Bb4+ 7. Nc3 h6 8. h3 Nf6 9. d5 Ne7 10.
Qa4+ Bd7 11. Qxb4 Rb8 12. a4 O-O 13. O-O a6 14. Bd3 Re8 15. b3 Ng6 16. Re1 b5 17. axb5 axb5 18. Qd4 c5 19.
dxc6 Bxc6 20. b4 d5 21. e5 Nd7 22.
e6 fxe6 23. Bxg6 e5 24. Qd1 Re6 25. Bf5 1-0

[Event "2. Itzehoer Schach Open"]
[Site "Itzehoe, Germany"]
[Date "2023.05.01"]
[Round "5.4"]
[White "Moeller, Rainer"]
[Black "Eichmann, Phillip"]
[Result "1-0"]
[TimeControl "90 min für 40 Züge, Rest 30 min + 30 Sek pro Zug"]
[WhiteElo "1414"]
[BlackElo "1052"]

1. e4 e5 2. Nf3 Nc6 3. d4 exd4 4. Nxd4 Nf6 5. Nc3 Bb4 6. Nxc6 dxc6 7. Qxd8+ Kxd8 8. Bg5 Re8 9. O-O-O+ Ke7 10.
e5 Be6 11. exf6+ gxf6 12. Bh4 Bxc3 13. bxc3 Bxa2 14. Bd3 Bd5 15. Rhe1+ Kd7 16. Bf5+ Kd6 17. f3 a5 18. c4 a4 19.
cxd5 cxd5 20. Rxe8 Rxe8 21. Bg3+ Kc6 22. Kb2 Ra8 23. Ra1 b5 24. c3 Kb6 25. Bf2+ c5 26. Bxh7 Re8 27. Re1 Rh8 28.
Bc2 Rxh2 29. Rg1 Kc6 30. f4 Kd6 31. f5 Kc6 32. Bd1 Rh8 33. Bf3 Ra8 34. Ra1 Re8 35. Rd1 Rd8 36. Re1 Kd6 37.
Bh4 Ra8 38. Rd1 a3+ 39. Ka2 b4 40. Rxd5+ Ke7 41. Rxc5 b3+ 42. Kxb3 a2 43. Rc7+ Kf8 44. Rc8+ Rxc8 45. Kxa2 Rxc3 46. Bxf6 Rc5 47. g4 Rc4 48. Kb3 Rf4 49. Bd1 Rf1 50. Bc2 Rg1 51. g5 Rf1 52. Kc3 Rf4 53.
Bd3 Rg4 54. g6 fxg6 55. fxg6 Rg3 56. Bd4 Kg8 57. Kc4 Rg5 58. Be4 Rg4 59. Bd5+ Kf8 60. Bf7 Rf4 61. Be6 Rxd4+ 62. Kxd4 Kg7 63.
Bf5 Kf6 64. Bd3 Kg7 65. Ke5 Kh8 66. Kf6 Kg8 67. Bc4+ 1-0

[Event "2. Itzehoer Schach Open"]
[Site "Itzehoe, Germany"]
[Date "2023.05.01"]
[Round "5.48"]
[White "Greiner, Andre"]
[Black "Greiner, Jan Oluf"]
[Result "0-1"]
[TimeControl "90 min für 40 Züge, Rest 30 min + 30 Sek pro Zug"]
[WhiteElo "796"]
[BlackElo "960"]

1. e4 e5 2. Nf3 Nc6 3. Bb5 Nf6 4. d4 exd4 5. Bxc6 bxc6 6. Bg5 Bb4+ 7. c3 dxc3 8. bxc3 Be7 9. Nbd2 Ba6 10.
Rb1 Rb8 0-1

[Event "2. Itzehoer Schach Open"]
[Site "Itzehoe, Germany"]
[Date "2023.05.01"]
[Round "5.47"]
[White "Steinbach, Aaron"]
[Black "Axt, Christian"]
[Result "0-1"]
[TimeControl "90 min für 40 Züge, Rest 30 min + 30 Sek pro Zug"]
[WhiteElo "787"]
[BlackElo "1728"]

1. d4 Nf6 2. c4 e5 3. dxe5 Ng4 4. Qd4 d6 5. h3 Nxe5 6. Bf4 Nbc6 7. Qc3 d5 8. a3 d4 9. Qg3 Qf6 10.
Nd2 Bf5 11. Ngf3 Bd6 12. c5 Nxf3+ 13. Nxf3 Bxc5 14. Bxc7 O-O 15. Ne5 Rfe8 16. Nxc6 Qxc6 17. Be5 f6 18. Bf4 Rad8 19. Bh6 Bf8 20.
Rc1 Qb6 21. Rc7 Bg6 22. h4 gxh6 23. h5 Bd6 24. Qg4 Qxc7 25. hxg6 Qc1# 0-1